 Dungeon Crawl Stone Soup version 0.28.0-53-g5a82cb258f (webtiles) character file.

Game seed: 10224595124386320508

786 safid the Chopper (level 7, -4/57 (59) HPs)
             Began as a Hill Orc Fighter on July 25, 2022.
             Was an Elder of Makhleb.
             Slain by a wight
             ... wielding a +5 great sword
              (15 damage)
             ... on level 6 of the Dungeon.
             The game lasted 00:07:01 (4112 turns).

safid the Chopper (Hill Orc Fighter)                Turns: 4112, Time: 00:07:02

HP:   -4/57 (59)    AC:  9    Str: 21    XL:     7   Next: 86%
MP:   7/7           EV:  9    Int:  8    God:    Makhleb [****..]
Gold: 284           SH:  5    Dex: 10    Spells: 6/6 levels left

rFire   . . .      SeeInvis .   a - +0 war axe
rCold   . . .      Faith    .   c - +0 buckler
rNeg    . . .      Spirit   .   b - +0 scale mail
rPois   .          Reflect  .   r - +0 helmet
rElec   .          Harm     .   (no cloak)
rCorr   +          Rampage  .   k - +0 pair of gloves
Will    .....                   (no boots)
Stlth   ..........              m - amulet of regeneration
HPRegen 0.99/turn               e - ring of resist corrosion
MPRegen 0.10/turn               (no ring)

@: lightly drained, very slow
A: no striking features
a: Renounce Religion, Minor Destruction, Lesser Servant of Makhleb, Major
Destruction


You were on level 6 of the Dungeon.
You worshipped Makhleb.
Makhleb was greatly pleased with you.
You visited 1 branch of the dungeon, and saw 6 of its levels.

You collected 284 gold pieces.

Inventory:

Hand Weapons
 a - a +0 war axe (weapon)
Armour
 b - a +0 scale mail (worn)
 c - a +0 buckler (worn)
 k - a +0 pair of gloves (worn)
 r - a +0 helmet (worn)
Jewellery
 e - a ring of resist corrosion (left hand)
 m - an amulet of regeneration (around neck)
 t - a ring of fire
Wands
 j - a wand of flame (19)
 v - a wand of charming (11)
 w - a wand of paralysis (7)
Scrolls
 f - 2 scrolls of blinking
 g - a scroll of holy word
 h - a scroll of amnesia {unknown}
 i - a scroll of immolation {unknown}
 p - a scroll of noise {unknown}
 s - a scroll of identify {unknown}
 u - a scroll of fog {unknown}
 y - a scroll of enchant armour {unknown}
 z - a scroll of brand weapon {unknown}
 A - a scroll of fear {unknown}
Potions
 d - a potion of might
 n - a potion of berserk rage {unknown}
 o - a potion of haste {unknown}
 q - 2 potions of heal wounds {unknown}
 x - a potion of mutation {unknown}


   Skills:
 - Level 4.0 Fighting
 + Level 7.9 Axes
 - Level 4.0 Armour
 + Level 7.1 Shields


You had 6 spell levels left.
You didn't know any spells.
Your spell library contained the following spells:

 Spells                   Type           Power      Damage    Failure   Level
 Animate Skeleton         Necr           0%         N/A       82%         1
 Pain                     Necr           0%         1d4       82%         1
 Summon Small Mammal      Summ           0%         N/A       82%         1
 Call Canine Familiar     Summ           0%         N/A       99%         3
 Frozen Ramparts          Ice            0%         1d2       99%         3
 Ozocubu's Armour         Ice            0%         N/A       99%         3
 Summon Guardian Golem    Hex/Summ       0%         N/A       99%         3
 Vampiric Draining        Necr           0%         2d6       99%         3
 Ice Form                 Ice/Tmut       0%         N/A       100%        4
 Summon Ice Beast         Ice/Summ       0%         N/A       100%        4
 Ozocubu's Refrigeration  Ice            0%         4d5       100%        7


Dungeon Overview and Level Annotations

Branches:
Dungeon (6/15)             Temple (0/1) D:4

Altars:
Makhleb

Portals:
Sewer: D:6


Message History

The worm is severely wounded.
You hit the wight but do no damage. You hit the worm.
The wight hits you with a +5 great sword!
The worm bites you but does no damage. The worm bites you.
Your unstable footing causes you to fumble your attack.
The wight barely misses you.
Your unstable footing causes you to fumble your attack.
The wight hits you with a +5 great sword!
You feel drained. The worm bites you but does no damage.
The worm closely misses you.
The wight hits you with a +5 great sword!!
* * * LOW HITPOINT WARNING * * *
You are too injured to fight recklessly!
You are too injured to fight recklessly!
You are too injured to fight recklessly!
You are too injured to fight recklessly!
You are too injured to fight recklessly!
You are too injured to fight recklessly!
You are too injured to fight recklessly!
You are too injured to fight recklessly!
You are too injured to fight recklessly!
You are too injured to fight recklessly!
You are too injured to fight recklessly!
You are too injured to fight recklessly!
You are too injured to fight recklessly!
You are too injured to fight recklessly!
Unknown command.
You closely miss the wight.
The wight is lightly damaged.
You hit the worm. You slash the worm!
You kill the worm!
Makhleb accepts your kill. The worm closely misses you.
The wight hits you with a +5 great sword.
* * * LOW HITPOINT WARNING * * *
You hit the wight.
The wight is heavily damaged.
You barely miss the worm.
The wight hits you with a +5 great sword!
You die...

*,*,,,,,,,,,,* *,*
*,#..........# *,*
*,#.#........# *,*
*********.#?..#≈..#..####*,*
,,,,,,,,,.....≈≈≈≈≈......>,*
*********.#.#≈≈≈≈≈≈≈#..#*,,*
*....≈≈≈≈≈≈≈...#*,,*
*....≈≈≈w≈≈≈...#*,,*
*********,#.≈≈≈≈@≈≈≈..#**,,*
,,,,,,,,,)..#≈≈†≈z≈≈#.# *,,*
**********#...≈≈≈≈≈...# *,,*
*,,,,,,#...#...#..## *,,*
*,****,#.........## *,,* *,*
*,#..###..#[# *,,* *,*
*,#.,* ##.#.# *,,* * *,*
*,#.,** #.#.# *,,* *
*,****,*,,,* #.#.# *,,*


You could see a worm and a wight.

Vanquished Creatures
  An orc warrior (D:4)
  An ogre (D:5)
  A necrophage (D:5)
  A scorpion (D:5)
  A hound (D:5)
  4 orc priests
  3 orc wizards (D:3)
  Robin (D:3)
  4 adders
  An ufetubus (D:5)
  9 worms
  3 dart slugs
  10 orcs
  9 ball pythons
  13 endoplasms
  3 giant cockroaches
  16 goblins
  10 hobgoblins
  7 jackals (D:1)
  14 kobolds
  4 quokkas
  7 bats
  6 frilled lizards (D:1)
  A jackal skeleton (D:4)
  24 rats
154 creatures vanquished.

Vanquished Creatures (others)
  3 toadstools (D:4)
3 creatures vanquished.

Grand Total: 157 creatures vanquished

Notes
Turn   | Place    | Note
-------+----------+-------------------------------------------
     0 | D:1      | safid the Hill Orc Fighter began the quest for the Orb.
     0 | D:1      | Reached XP level 1. HP: 19/19 MP: 1/1
   154 | D:1      | Reached XP level 2. HP: 27/27 MP: 2/2
   338 | D:1      | Reached XP level 3. HP: 26/33 MP: 3/3
   585 | D:1      | Found a faded altar of an unknown god.
   706 | D:1      | Prayed at the altar of an unknown god.
   706 | D:1      | Became a worshipper of Makhleb the Destroyer
   706 | D:1      | Reached * piety under Makhleb
  1480 | D:2      | Reached XP level 4. HP: 38/39 MP: 4/4
  1891 | D:3      | Reached ** piety under Makhleb
  1960 | D:3      | Noticed Robin
  2012 | D:2      | Reached XP level 5. HP: 45/46 MP: 5/5
  2039 | D:3      | Reached skill level 5 in Axes
  2039 | D:3      | Reached skill level 5 in Shields
  2043 | D:3      | Killed Robin
  2089 | D:3      | Reached XP level 6. HP: 48/52 MP: 6/6
  2677 | D:4      | Found a staircase to the Ecumenical Temple.
  2684 | D:4      | Reached *** piety under Makhleb
  3291 | D:4      | Noticed an orc warrior
  3308 | D:4      | Killed an orc warrior
  3309 | D:4      | Reached XP level 7. HP: 12/59 MP: 7/7
  3419 | D:5      | Entered Level 5 of the Dungeon
  3843 | D:5      | Reached **** piety under Makhleb
  4097 | D:6      | Found a glowing drain.
  4112 | D:6      | Slain by a wight

Illustrated notes

Levels and vault maps discovered:
D:1:      minmay_arrival_solitary_statue, layout_rooms,
          shapermc_ecumenical_altar_mp_vishouse, minmay_lizard_pond
D:2:      layout_basic, lemuel_another_geyser
D:3:      minmay_evil_eye, layout_basic, grunt_decor_fettered,
          amcnicky_mini_corridor_feature, kennysheep_generic_room_13, uniq_robin
D:4:      layout_basic, minmay_temple_entry_purple_smoke,
          amcnicky_mini_pool_small, minmay_gold_behind_fungi, minmay_rat_hole
D:5:      layout_gridville, nicolae_wormholes
D:6:      layout_basic, cheibrodos_sewer_entry_drain, ebering_ghost_xom,
          uniq_menkaure

Skill      XL: |  1  2  3  4  5  6  7 |
---------------+----------------------+-----
Axes           | 3 4 5 6 7 |  7.9
Fighting       | 4 |  4.0
Armour         | 4 |  4.0
Shields        | 4 5 6 7 |  7.1

Action                   |  1- 3 |  4- 6 |  7- 9 || total
-------------------------+-------+-------+-------++-------
Melee: War axe           |    91 |   225 |    64 ||   380
Invok: Minor Destruction |       |     2 |       ||     2
       Lesser Servant of |       |     1 |       ||     1
  Use: Scroll            |       |       |     4 ||     4
Armor: Scale mail        |    55 |   123 |    26 ||   204
Dodge: Dodged            |    42 |   107 |    24 ||   173
Block: Buckler           |    21 |    44 |    16 ||    81
